AoeStats
← avukator2

Arena

510516843Analyzed
1v1 RM · 2d ago on Oct 1, 2026· 48m 1s· 2 players
Game mode
Random Map
Map size
Tiny (2 player)
Population
200
Speed
Normal
Resources
Standard
Victory
Conquest
Starting age
Dark Age
Ending age
Imperial Age
RankedLock teamsTeams togetherTeam positionsShared explorationLock speedFull tech treeHidden civsTurbo modeCheats
Victory
Defeat
🇹🇷 Britons · Türkiye
952
+15
🇦🇹 Danes · Austria
930
-15
Karmageddon
12:18 Feudal Age
10:58 Loom
16:30 Castle Age
14:17 Double-Bit Axe
16:52 Stone Mining
21:15 Scale Mail Armor
34:52 Imperial Age
37:25 Redemption
38:55 Chemistry
40:48 Elite Skirmisher
41:33 Thumb Ring
44:25 Fletching
44:36 Padded Archer Armor
45:12 Bodkin Arrow
avukator2
10:08 Feudal Age
12:27 Wheelbarrow
14:23 Castle Age
13:25 Double-Bit Axe
13:26 Horse Collar
16:35 Heavy Plow
16:29 Gold Mining
18:51 Loom
20:03 Stone Mining
31:41 Imperial Age
31:23 Hand Cart
31:58 Gold Shaft Mining
31:26 Fletching
31:38 Padded Archer Armor
32:01 Ballistics
32:03 Bodkin Arrow
33:43 Chemistry
39:11 Yeomen
39:32 Bow Saw
38:59 Elite Longbowman
40:39 Leather Archer Armor
40:24 Bracer
42:33 Ring Archer Armor
43:49 Warwolf
47:00 Forging
Connection lost

Rejoining the realm…

Still unreachable

The connection could not be restored.

Session expired

The server has moved on; the page needs a fresh start.